 Dungeon Crawl Stone Soup version 0.28-a0-556-gab23d0e057 (webtiles) character file.

Game seed: 4124948366597896104

5646 Gwenloh the Geomancer (level 10, -4/69 HPs)
             Began as a Demigod Earth Elementalist on Sept 28, 2021.
             Slain by a five-headed hydra (8 damage)
             ... on level 1 of the Lair of Beasts.
             The game lasted 01:01:21 (14230 turns).

Gwenloh the Geomancer (Demigod Earth Elementalist) Turns: 14230, Time: 01:01:21

Health: -4/69      AC:  2    Str: 15    XL:     10   Next: 23%
Magic:  22/22      EV: 13    Int: 29    God:
Gold:   141        SH:  0    Dex: 14    Spells: 9/20 levels left

rFire   . . .      SeeInvis .   C - +4 short sword (drain)
rCold   . . .      Faith    .   (no shield)
rNeg    . . .      Spirit   .   b - +0 robe
rPois   .          Reflect  .   (no helmet)
rElec   .          Harm     .   (no cloak)
rCorr   .          Rampage  .   (no gloves)
Will    +....                   (no boots)
Stlth   ++........              i - amulet of the acrobat
HPRegen 0.21/turn               s - +6 ring of strength
MPRegen 0.18/turn               (no ring)

@: no status effects
A: high mp 1, forlorn
a: no special abilities


You were on level 1 of the Lair of Beasts.
You visited 2 branches of the dungeon, and saw 10 of its levels.

You collected 331 gold pieces.
You spent 190 gold pieces at shops.

Inventory:

Hand Weapons
 d - a +0 dagger
 k - a +2 hand axe of venom
 y - a +3 hand axe of freezing
 C - a +4 short sword of draining (weapon)
Missiles
 c - 58 stones
Armour
 b - a +0 robe (worn)
 j - a +0 leather armour
 l - a +0 kite shield
Jewellery
 i - an amulet of the acrobat (around neck)
 r - an amulet of guardian spirit
 s - a +6 ring of strength (left hand)
 D - a ring of flight
Wands
 u - a wand of paralysis (3)
Scrolls
 a - 4 scrolls of amnesia
 e - 4 scrolls of magic mapping
 f - a scroll of immolation
 g - 2 scrolls of enchant weapon
 h - 3 scrolls of teleportation
 n - a scroll of summoning
 p - a scroll of noise {unknown}
 q - 2 scrolls of blinking {unknown}
 w - 2 scrolls of enchant armour {unknown}
 z - a scroll of vulnerability {unknown}
 B - a scroll of acquirement {unknown}
Potions
 m - a potion of might {unknown}
 o - 2 potions of haste {unknown}
 t - a potion of resistance {unknown}
 v - 2 potions of heal wounds
 x - a potion of flight {unknown}
 A - 3 potions of curing {unknown}


   Skills:
 + Level 3.8 Dodging
 - Level 1.7 Stealth
 + Level 5.8 Spellcasting
 + Level 7.7 Conjurations
 + Level 5.8 Transmutations
 + Level 8.5 Earth Magic


You had 9 spell levels left.
You knew the following spells:

 Your Spells              Type           Power      Damage    Failure   Level
a - Magic Dart            Conj           100%       1d8       1%          1
b - Sandblast             Erth           100%       2d20      1%          1
c - Stone Arrow           Conj/Erth      100%       3d13      1%          3
d - Petrify               Tmut/Erth      50%        N/A       3%          4
e - Passwall              Tmut/Erth      41%        N/A       1%          2

Your spell library contained the following spells:

 Spells                   Type           Power      Damage    Failure   Level
 Searing Ray              Conj           100%       2d8       1%          2
 Dazzling Flash           Conj/Hex       60%        N/A       3%          3
 Corpse Rot               Necr/Air       N/A        N/A       9%          2
 Fulminant Prism          Conj/Hex       15%        3d11      12%         4
 Ozocubu's Armour         Ice            8%         N/A       17%         3
 Swiftness                Air            8%         N/A       17%         3
 Lightning Bolt           Conj/Air       15%        1d29      32%         5
 Airstrike                Air            4%         N/A       50%         4
 Dispel Undead            Necr           8%         3d8       50%         4
 Summon Lightning Spire   Summ/Air       8%         N/A       50%         4
 Agony                    Necr           8%         N/A       85%         5
 Silence                  Hex/Air        4%         N/A       85%         5
 Death Channel            Necr           4%         N/A       100%        6
 Invisibility             Hex            4%         N/A       100%        6
 Ozocubu's Refrigeration  Ice            4%         4d5       100%        7


Dungeon Overview and Level Annotations

Branches:
Dungeon (9/15)             Temple (0/1) D:7            Lair (1/6) D:8
    Orc: D:9-12

Shops:
D:6 !   D:8 *

Annotations:
D:3 1 runed translucent door, PanSaczeczos's ghost, amateur PaWr
D:4 2 runed translucent doors, sn0wgr3's ghost, amateur MiFi


Innate Abilities, Weirdness & Mutations

Your attributes grow dramatically as you level up.
You have an increased reservoir of magic. (+10% MP)
You shall have no god before yourself.


Message History

Press: ? - help, Shift-Dir - straight line, f/p - five-headed hydra
Aim: a five-headed hydra (chance to affect: 37%)
The five-headed hydra resists with some effort.
Casting: Petrify (dangerous; 3% risk of failure)
Confirm with . or Enter, or press ? or * to list all spells.
Aiming: Petrify (dangerous; 3% risk of failure)
Press: ? - help, Shift-Dir - straight line, f/p - five-headed hydra
Aim: a five-headed hydra (chance to affect: 37%)
The five-headed hydra resists with some effort.
You hear the slow rumble of a very distant avalanche of rocks.
There is a staircase back to the Dungeon here.
You climb upwards.
Welcome back to the Dungeon!
There is a staircase to the Lair here.
You start resting.
Magic restored.
Okay, then.
You climb downwards.
Welcome back to the Lair of Beasts!
You feel an oppressive heat about you.
There is an entrance to a volcano on this level.
Hurry and find it before the entrance collapses!
You hear the rumble of a very distant avalanche of rocks.
The five-headed hydra bites you! The five-headed hydra bites you.
The five-headed hydra bites you! x2; The five-headed hydra bites you.
The five-headed hydra bites you!
The five-headed hydra barely misses you.
The five-headed hydra bites you!
* * * LOW HITPOINT WARNING * * *
The five-headed hydra barely misses you. x2
There is a staircase back to the Dungeon, spattered with blood here.
Aiming: Paralyse
Press: ? - help, Shift-Dir - straight line, f - five-headed hydra
Aim: a five-headed hydra (chance to affect: 15%)
The five-headed hydra resists with almost no effort.
The five-headed hydra barely misses you.
The five-headed hydra bites you.
* * * LOW HITPOINT WARNING * * *
The five-headed hydra barely misses you.
The five-headed hydra bites you!
* * * LOW HITPOINT WARNING * * *
The five-headed hydra bites you!
You die...

#.#...............##
##.................#
##................##
#..................##
###..................#
#....................#
##...................#
#P...................#
#P......@D...........#
##.....>............P#
###.................#
#.................#
###################


You could see a five-headed hydra.

Vanquished Creatures
  A two-headed ogre (D:8)
  Pikel (D:5)
  Maggie (D:7)
  4 wyverns (D:8)
  Menkaure (D:7)
  An acid dragon (D:7)
  4 water moccasins (D:8)
  3 black bears (D:8)
  An orc warrior (D:6)
  A centaur (D:6)
  2 ogres
  A wolf (D:8)
  2 lemures
  2 phantoms
  2 bullfrogs
  A gnoll sergeant (D:6)
  2 scorpions
  A water moccasin zombie (D:6)
  3 jellies
  15 wights
  2 electric eels (D:8)
  2 howler monkeys (D:8)
  A centaur zombie (D:6)
  A bullfrog zombie (D:7)
  2 hounds
  2 gnoll shamans
  5 orc priests
  2 bullfrog skeletons
  4 iguanas
  8 orc wizards
  A scorpion zombie (D:5)
  A howler monkey zombie (D:7)
  12 gnolls
  7 adders
  A shadow imp (D:8)
  2 white imps
  5 dart slugs
  28 orcs
  6 endoplasms
  4 giant cockroaches
  4 goblins
  2 hobgoblins (D:2)
  8 jackals
  5 kobolds
  3 quokkas
  5 ball pythons
  3 bats
  3 frilled lizards
  6 rats
184 creatures vanquished.

Vanquished Creatures (others)
  An orc wizard (D:8)
  9 fungi
  21 plants (D:8)
31 creatures vanquished.

Grand Total: 215 creatures vanquished

Notes
Turn   | Place    | Note
-------+----------+-------------------------------------------
     0 | D:1      | Gwenloh the Demigod Earth Elementalist began the quest for
                  | the Orb.
     0 | D:1      | Reached XP level 1. HP: 14/14 MP: 5/5
   177 | D:1      | Reached skill level 3 in Earth Magic
   309 | D:1      | Reached XP level 2. HP: 13/20 MP: 4/7
   428 | D:1      | Learned a level 2 spell: Passwall
  1285 | D:2      | Learned a level 1 spell: Magic Dart
  1720 | D:2      | Reached XP level 3. HP: 26/26 MP: 2/8
  2130 | D:2      | Reached skill level 1 in Conjurations
  3268 | D:4      | Reached XP level 4. HP: 33/33 MP: 6/10
  3866 | D:3      | Found a runed translucent door.
  3867 | D:3      | Noticed a bullfrog
  3872 | D:3      | Noticed PanSaczeczos's ghost (amateur PaWr)
  4486 | D:4      | Reached skill level 4 in Earth Magic
  4734 | D:4      | Reached XP level 5. HP: 37/38 MP: 5/11
  4817 | D:4      | Found a runed translucent door.
  4824 | D:4      | Noticed sn0wgr3's ghost (amateur MiFi)
  4880 | D:4      | Found a runed translucent door.
  5411 | D:5      | Entered Level 5 of the Dungeon
  5515 | D:4      | Reached XP level 6. HP: 14/45 MP: 6/13
  5768 | D:4      | Learned a level 3 spell: Stone Arrow
  5861 | D:5      | Noticed Pikel
  6614 | D:5      | Killed Pikel
  6615 | D:5      | Reached skill level 5 in Earth Magic
  6615 | D:5      | Reached XP level 7. HP: 13/50 MP: 0/15
  6912 | D:5      | Reached skill level 6 in Earth Magic
  7079 | D:5      | Learned a level 4 spell: Petrify
  7101 | D:5      | Reached skill level 1 in Transmutations
  7500 | D:6      | Reached skill level 5 in Conjurations
  7919 | D:6      | Found Zupsaf's Distillery.
  7929 | D:6      | Reached XP level 8. HP: 57/57 MP: 10/17
  8164 | D:6      | Bought a potion of heal wounds for 70 gold pieces
  8164 | D:6      | Bought a potion of heal wounds for 70 gold pieces
  8282 | D:7      | Noticed Menkaure
  8291 | D:7      | Killed Menkaure
  9140 | D:6      | Reached skill level 7 in Earth Magic
 10668 | D:7      | Found a staircase to the Ecumenical Temple.
 10719 | D:7      | Reached XP level 9. HP: 62/62 MP: 5/19
 11302 | D:7      | Noticed Maggie
 11324 | D:7      | Killed Maggie
 11578 | D:8      | Found Ziaxix's Assorted Antiques.
 11581 | D:8      | Bought a scroll of identify for 50 gold pieces
 11667 | D:8      | Reached skill level 5 in Spellcasting
 11774 | D:8      | Noticed a two-headed ogre
 12035 | D:8      | Reached skill level 5 in Transmutations
 12069 | D:8      | Reached skill level 8 in Earth Magic
 13002 | D:8      | Found a staircase to the Lair.
 13072 | D:8      | Reached XP level 10. HP: 69/69 MP: 10/22
 13406 | D:8      | Killed a two-headed ogre
 14059 | Lair:1   | Entered Level 1 of the Lair of Beasts
 14134 | Lair:1   | Noticed a five-headed hydra
 14230 | Lair:1   | Slain by a five-headed hydra

Illustrated notes

Levels and vault maps discovered:
D:1:      psy_arrival_heroes, layout_rooms, shapermc_ecumenical_altar_acropolis
D:2:      layout_basic, cheibrodos_gnoll_hut
D:3:      layout_basic, ebering_ghost_sewer_d
D:4:      cheibrodos_quashed, layout_basic, ebering_ghost_sewer_f
D:5:      layout_gridville, minivault_25, uniq_pikel
D:6:      layout_loops_corners, serial_shops, nicolae_stop_n_shop_2,
          minmay_tree_intersection
D:7:      layout_rooms, minmay_temple_entry_mini_moons, uniq_menkaure,
          uniq_maggie
D:8:      layout_basic, mainiacjoe_overflow_alcove_2, minmay_lair_entry_grove,
          nicolae_stop_n_shop_2, minivault_14
D:9:      kennysheep_steamy, layout_basic, serial_bayou_pond_a, st_stairs_9
Lair:1:   layout_hall_layers, enter_volcano_2

Skill      XL: |  1  2  3  4  5  6  7  8  9 |
---------------+----------------------------+-----
Earth Magic    | 3 4 5 6 7 8 |  8.5
Spellcasting   | 2 3 4 5 |  5.8
Conjurations   | 1 2 3 4 5 6 7 |  7.7
Transmutations | 2 4 5 |  5.8
Dodging        | 3 |  3.8
Stealth        | |  1.7

Action                   |  1- 3 |  4- 6 |  7- 9 | 10-12 || total
-------------------------+-------+-------+-------+-------++-------
Melee: Dagger            |    33 |       |       |       ||    33
       Hand axe          |       |     4 |    13 |       ||    17
       Short sword       |       |       |     1 |       ||     1
 Cast: Sandblast         |    38 |    35 |    26 |     8 ||   107
       Magic Dart        |    45 |    75 |   134 |    29 ||   283
       Passwall          |     2 |     1 |       |       ||     3
       Stone Arrow       |       |    14 |   131 |    15 ||   160
       Petrify           |       |       |    12 |     8 ||    20
Evoke: Wand              |       |       |       |     1 ||     1
  Use: Scroll            |       |       |     6 |       ||     6
 Stab: Petrified         |       |       |     3 |       ||     3
Armor: Robe              |     5 |     3 |     3 |       ||    11
Dodge: Dodged            |    27 |    30 |    33 |     8 ||    98

Table legend: (Time is in decaauts)
 A = Elapsed time spent in this place.
 B = Non-inter-level travel time spent in this place.
 C = Inter-level travel time spent in this place.
 D = Time resting spent in this place.
 E = Time spent auto-exploring this place.
 F = Levels seen in this place.
 G = Mean time per level.
                   A        B        C        D        E       F      G
               +--------+--------+--------+--------+--------+-----+--------+
         Total |  14258 |  13720 |    538 |   6090 |   3397 |  10 | 1425.8 |
       Dungeon |  14152 |  13614 |    538 |   6090 |   3397 |   9 | 1572.4 |
          Lair |    106 |    106 |      0 |      0 |      0 |   1 |  106.0 |
               +--------+--------+--------+--------+--------+-----+--------+

Top non-repeatable levels by time:
     D:8: 2396 daAuts
     D:5: 2202 daAuts
     D:6: 2106 daAuts
     D:2: 1921 daAuts
     D:4: 1746 daAuts
     D:7: 1427 daAuts
     D:1: 1241 daAuts
     D:3: 1108 daAuts
  Lair:1: 106 daAuts
     D:9: 1 daAuts
